AoeStats
← Deta01

Arabia

505545312Analyzed
2v2 RM · 22d ago on Sep 9, 2026· 42m 29s· 4 players
Game mode
Random Map
Map size
Medium (4 player)
Population
200
Speed
Normal
Resources
Standard
Victory
Conquest
Starting age
Dark Age
Ending age
Imperial Age
RankedLock teamsTeams togetherTeam positionsShared explorationLock speedFull tech treeHidden civsTurbo modeCheats
Victory
Defeat
🇬🇹 Poles · Guatemala
1101
+14
🇬🇹 Tatars · Guatemala
1085
+14
🇹🇷 Bulgarians · Türkiye
1052
-14
🇹🇷 Italians · Türkiye
1052
-14
Çin Düşmanı
12:55 Feudal Age
16:45 Forging
21:28 Castle Age
22:35 Loom
24:24 Scale Mail Armor
34:57 Elite Skirmisher
35:44 Double-Bit Axe
35:42 Horse Collar
36:24 Padded Archer Armor
36:15 Fletching
37:49 Pikeman
Deta01
7:05 Loom
9:41 Feudal Age
11:46 Double-Bit Axe
21:02 Castle Age
20:01 Fletching
21:36 Crossbowman
23:14 Pikeman
25:30 Bodkin Arrow
26:45 Padded Archer Armor
28:16 Leather Archer Armor
29:58 Scale Mail Armor
31:09 Wheelbarrow
34:44 Chain Mail Armor
34:46 Hand Cart
36:07 Gold Mining
36:15 Horse Collar
36:46 Bow Saw
36:45 Squires
37:13 Forging
39:37 Town Watch
Jaffeth15
7:08 Loom
10:33 Feudal Age
14:18 Town Watch
21:26 Castle Age
20:46 Double-Bit Axe
20:43 Horse Collar
24:18 Husbandry
24:41 Bloodlines
34:57 Scale Barding Armor
36:20 Chain Barding Armor
37:42 Forging
43:08 Heavy Plow
Adiel
10:04 Feudal Age
9:33 Loom
10:50 Town Watch
14:20 Double-Bit Axe
17:18 Fletching
22:42 Castle Age
22:24 Wheelbarrow
23:00 Crossbowman
24:02 Bodkin Arrow
25:01 Padded Archer Armor
25:51 Bow Saw
29:12 Town Patrol
29:35 Gold Mining
32:11 Scale Barding Armor
37:54 Stone Mining
38:43 Gold Shaft Mining
40:40 Leather Archer Armor
44:18 Imperial Age
Connection lost

Rejoining the realm…

Still unreachable

The connection could not be restored.

Session expired

The server has moved on; the page needs a fresh start.